[Event "3rd Rio Open-Rapid 2024"]
[Site "Rio de Janeiro"]
[Date "2024.04.24"]
[Round "1.1"]
[White "Goetten Wagner, Julia"]
[Black "Fier, Alexandr"]
[Result "0-1"]
[ECO "B43"]
[WhiteElo "1783"]
[BlackElo "2566"]
[Annotator "TA"]
[PlyCount "43"]
[EventDate "2024.04.12"]
[EventType "swiss"]
[EventCountry "BRA"]
[SourceTitle "playchess.com"]
[Source "ChessBase"]
[SourceQuality "1"]
[TimeControl "600+5"]

1. e4 c5 2. Nf3 e6 3. d4 cxd4 4. Nxd4 a6 5. Nc3 b5 6. Be3 Bb7 7. f3 Qc7 8. Qd2 Nc6 9. g4 Ne5 10. O-O-O {[%emt 0:00:54] White has an edge.} Nf6 (10... Bb4 {looks sharper.} 11. Bf4 h5 12. Nf5 exf5 13. Bxe5 Qxe5 14. Qxd7+ Kf8) 11. g5 Nh5 12. Bd3 (12. Kb1 $14) 12... Rc8 (12... Bb4 $15) 13. f4 $2 {[%emt 0:04:41] [#]} (13. Kb1 $11 {and White stays safe.}) 13... Nxd3+ $19 14. Qxd3 (14. cxd3 $2 b4 15. Rhf1 bxc3 $19) 14... Nxf4 15. Bxf4 Qxf4+ 16. Kb1 {[%emt 0:00:11][%cal Od4e6] [#] And now Nxe6! would win.} Qc7 (16... Qxg5 17. Nxe6 Qe7 18. Nf4 $16) 17. Rhe1 Bb4 (17... Qxh2 $2 {perishes.} 18. Nxe6 (18. Ndxb5 Rd8 $15) 18... Bc6 19. Nd4 $18 (19. Nxf8 Kxf8 20. Ne2 h5 $14)) 18. Re3 Bxc3 (18... Qxh2 $2 19. Nxe6 d6 (19... dxe6 $2 20. Qd7+ Kf8 21. Rf3 $18) 20. Nxg7+ Kd7 21. e5 $18) 19. bxc3 O-O (19... Qxh2 20. Nxe6 d5 (20... dxe6 21. Qd7+ Kf8 22. Rf3 Qh5 23. Rdf1 f6 24. gxf6 Qf7 25. fxg7+ Kxg7 26. Rg3+ Kh6 27. Rh1+) 21. Nxg7+ Kd8 22. exd5 $18) 20. h4 Qc5 ({Better is} 20... Qf4 $19 21. Qe2 Rc4 (21... Qxh4 $2 22. Nf3 $19)) 21. Nf3 (21. Nb3 $17 {keeps fighting.} Qc7 22. Qd6) 21... b4 22. cxb4 {[%emt 0:00:25] Weighted Error Value: White=0.45/Black=0.20 (precise) .  Loses game:     	White=1     	---        Mistake:       	White=2     	Black=2      Inaccurate:     	White=2     	Black=2      OK:         	White=2     	Black=2      Best:        	White=1     	Black=2} 0-1

[Event "3rd Rio Open-Rapid 2024"]
[Site "Rio de Janeiro"]
[Date "2024.04.24"]
[Round "1.2"]
[White "Ribeiro, Matheus Mendes Domin"]
[Black "Mattos, Bernardo Cunha"]
[Result "1-0"]
[ECO "E05"]
[WhiteElo "2228"]
[BlackElo "1710"]
[Annotator "TA"]
[PlyCount "52"]
[EventDate "2024.04.12"]
[EventType "swiss"]
[EventCountry "BRA"]
[SourceTitle "playchess.com"]
[Source "ChessBase"]
[SourceQuality "1"]
[TimeControl "600+5"]

1. c4 e6 2. Nf3 d5 3. g3 Nf6 4. Bg2 Be7 5. O-O O-O 6. d4 dxc4 7. Qc2 a6 8. a4 Nbd7 9. Rd1 Nb6 10. Nbd2 Bd7 11. a5 {[%emt 0:01:43] White is slightly better.} Nbd5 12. Nxc4 Rc8 13. Nfe5 Bb5 14. Qb3 h6 15. Bd2 {[%emt 0:00:14] [#] And now e4 would win.} Nd7 16. e4 N5f6 17. Rac1 {[%emt 0:00:16] White has more active pieces.} (17. Na3 $16 Bxa3 18. Nxd7 (18. Rxa3 c5 $11) (18. bxa3 c5 $11) (18. Qxa3 Nxe5 19. dxe5 Nd7 $14) 18... Qxd7 19. Qxa3) 17... c6 (17... Nxe5 $11 {remains equal.} 18. Nxe5 (18. dxe5 Nd7 $11) 18... Qxd4) 18. Nxd7 Nxd7 19. Be3 $36 {[%emt 0:00:58][%mdl 2048] White is in control.} Bxc4 20. Rxc4 Qc7 (20... Qxa5 $16 {keeps fighting.} 21. Qxb7 Rc7) 21. d5 $18 exd5 22. exd5 Ne5 23. Bb6 {[%emt 0:00:21] This pair of bishops is nice.} Qb8 24. Rcc1 {[%emt 0:00:39] aiming for f4.} cxd5 25. Bxd5 Rfd8 $2 {[%emt 0:00:14] [#]} (25... Nc6 {is a better chance.} 26. Rc3 Bf6) 26. f4 Rxc1 {[%emt 0:00:15] Weighted Error Value: White=0.27 (precise) /Black=0.57.  Mistake:       	White=1     	Black=3      Inaccurate:     	White=2     	Black=3      OK:         	White=4     	Black=8} 1-0

[Event "3rd Rio Open-Rapid 2024"]
[Site "Rio de Janeiro"]
[Date "2024.04.24"]
[Round "1.4"]
[White "Librelato, Kathie Goulart"]
[Black "Gomes, Genildo de Souza"]
[Result "1-0"]
[ECO "C11"]
[WhiteElo "2165"]
[BlackElo "1723"]
[Annotator "TA"]
[PlyCount "83"]
[EventDate "2024.04.12"]
[EventType "swiss"]
[EventCountry "BRA"]
[SourceTitle "playchess.com"]
[Source "ChessBase"]
[SourceQuality "1"]
[TimeControl "600+5"]

1. e4 e6 2. d4 d5 3. Nc3 Nf6 4. e5 Nfd7 5. Nce2 c5 6. c3 Nc6 7. Nf3 cxd4 8. cxd4 Bb4+ 9. Nc3 Nb6 10. Bd3 Bd7 11. O-O {[%emt 0:00:04] White is slightly better.} Bxc3 12. bxc3 {[%emt 0:00:02] Threatens to win with Ng5.} Na5 13. a4 {[%emt 0:02:15] White is more active.} ({White should play} 13. Ng5 $16) 13... Qc7 {[%emt 0:00:29] [#]} (13... h6 $14) 14. Qc2 (14. Ng5 $1 $16) 14... Rc8 15. Bd2 (15. Bxh7 Qxc3 16. Ra2 Qb4 $15) 15... Nbc4 16. Be1 (16. Bxh7 Nxd2 17. Nxd2 Qxc3 $17) 16... a6 (16... Bc6 $14) 17. h3 ({White should try} 17. Bxh7 $16 Qb6 (17... g6 $2 18. Bxg6 Ke7 19. Bd3 $18) 18. Ng5) 17... h6 {[%emt 0:00:05] Inhibits Ng5.} 18. Nh4 b5 19. axb5 Bxb5 20. Ra2 (20. Qe2 $16) 20... Qe7 (20... Rb8 $11) 21. f4 $16 Ne3 (21... O-O $16) 22. Bxb5+ $18 axb5 23. Qe2 (23. Qd3 $18 Nac4 (23... Nxf1 $2 24. Rxa5 O-O 25. Rxb5 $18) 24. Rf3) 23... Nac4 $14 (23... Nxf1 $2 24. Rxa5 O-O (24... g5 $2 25. fxg5 hxg5 26. Nf3 $18) 25. Qxf1 $18 (25. Kxf1 b4 $18)) 24. Rf3 Nf5 (24... g5 25. Bf2 $18) 25. Nxf5 exf5 26. Qd3 g6 27. Qb1 Qd7 (27... O-O $16) 28. Qa1 $2 {[%emt 0:00:19] [#]} (28. Qb4 $18) 28... O-O 29. Bh4 Qc6 30. Ra6 (30. Be7 $5 Rfe8 $8 31. Bc5 $11) 30... Qb7 31. Ra7 (31. Rf2 {simplifies} Ra8 32. Rxa8 Rxa8 33. Qb1) 31... Qc6 32. Bf6 (32. Be7 $14 Rfe8 33. Rf2) 32... Nd2 $15 33. Rg3 (33. Rd3 $15 Ne4 34. Be7) 33... Ne4 $17 34. Rxg6+ fxg6 $19 35. Rg7+ Kh8 36. Rc7+ Qxf6 ({And not} 36... Nxf6 37. Rxc6 Rxc6 38. exf6 $14) (36... Rxf6 $142 37. Rxc6 Rfxc6) 37. exf6 $2 (37. Rxc8 Qe7 38. Rxf8+ Qxf8 39. Qa7) 37... Rxc7 38. Qa6 Nxf6 39. Qxb5 Rxc3 40. Qb4 Rfc8 41. Qe7 Ne4 (41... Rc1+ $142 42. Kh2 R1c6) 42. Qe5+ {[%emt 0:00:00][%mdl 32768] Quite a comeback for Black.   Weighted Error Value: White=0.64/Black=0.53.  Loses game:     	White=1     	---        Mistake:       	White=8     	Black=6      Inaccurate:     	White=3     	Black=5      OK:         	White=8     	Black=6      Best:        	White=1     	Black=2     . Loss on time!?} 1-0

[Event "3rd Rio Open-Rapid 2024"]
[Site "Rio de Janeiro"]
[Date "2024.04.24"]
[Round "2.1"]
[White "Fier, Alexandr"]
[Black "Deus Filho, Joaquim de"]
[Result "1-0"]
[ECO "C30"]
[WhiteElo "2566"]
[BlackElo "1884"]
[Annotator "TA"]
[PlyCount "51"]
[EventDate "2024.04.12"]
[EventType "swiss"]
[EventCountry "BRA"]
[SourceTitle "playchess.com"]
[Source "ChessBase"]
[SourceQuality "1"]
[TimeControl "600+5"]

1. e4 e5 2. f4 Bc5 3. Nf3 Nc6 4. Nc3 Nf6 5. fxe5 Ng4 {[%emt 0:00:07][%cal Og4f2] [#] Threatens to win with ...Nf2!} 6. d4 Bb4 (6... Be7 $142 7. Nd5 d6 8. Nxe7 Qxe7) 7. h3 $18 Nh6 8. Bg5 {[%emt 0:00:02] White is winning.} Be7 9. Bxh6 gxh6 10. Bc4 Bh4+ 11. Ke2 Rg8 12. g4 h5 13. Rf1 {[%emt 0:00:03] Strongly threatening Nxh4.} (13. gxh5 Rg2+ 14. Kf1 Rf2+ 15. Kg1 d5 $18) 13... Rg7 14. Nd5 (14. gxh5 $2 Rg2+ $19) (14. Qd2 $142 hxg4 15. hxg4) 14... hxg4 15. hxg4 {[%emt 0:00:04][%cal Og4g5] Black must now prevent g5!} d6 {[%emt 0:00:01] [#]} 16. g5 Bxg5 17. Nxg5 (17. Rg1 $142 h6 18. Nxg5 hxg5 19. Bb5) 17... Qxg5 $16 18. Nf6+ (18. Nxc7+ $2 {loses.} Kd8 19. Qd2 Qg4+ (19... Kxc7 20. exd6+ Kxd6 21. e5+ Kc7 22. Qxg5 $15) 20. Ke3 Kxc7 $19) ({Better is} 18. Kd3 $1 $14 Qg2 19. Qd2 (19. Nxc7+ $2 {is the wrong capture.} Kd8 $19) 19... Rg3+ 20. Ne3 Qxd2+ 21. Kxd2 dxe5 22. Bxf7+ Ke7 23. Nd5+ Kd7 24. Rg1 Rxg1 25. Rxg1) 18... Kf8 $11 19. Rg1 $36 {[%emt 0:00:02][%mdl 2048] White is more active. Really sharp!} Qxg1 20. Qxg1 Rxg1 21. Rxg1 Nxd4+ 22. Kd3 {[%emt 0:00:01] Intending Rg8+ and mate.} dxe5 23. Rg8+ Ke7 24. Nd5+ Kd6 $2 (24... Kd7 $11) 25. Rd8+ $18 Kc5 $2 (25... Ke6 26. Nxc7+ Ke7) 26. b4+ {[%emt 0:07:45] Weighted Error Value: White=0.38/Black=0.59.  Loses game:     	---       	Black=1      Mistake:       	White=3     	Black=2      OK:         	White=7     	Black=5      Best:        	White=2     	Black=4} 1-0

[Event "3rd Rio Open-Rapid 2024"]
[Site "Rio de Janeiro"]
[Date "2024.04.24"]
[Round "2.2"]
[White "Barros, Angelo Costa"]
[Black "Ribeiro, Matheus Mendes Domin"]
[Result "0-1"]
[ECO "C11"]
[WhiteElo "1825"]
[BlackElo "2228"]
[Annotator "TA"]
[PlyCount "58"]
[EventDate "2024.04.12"]
[EventType "swiss"]
[EventCountry "BRA"]
[SourceTitle "playchess.com"]
[Source "ChessBase"]
[SourceQuality "1"]
[TimeControl "600+5"]

1. e4 e6 2. d4 d5 3. Nc3 Nf6 4. e5 Nfd7 5. Nce2 c5 6. c3 Nc6 7. f4 Be7 8. Nf3 O-O 9. a3 f6 10. Be3 fxe5 11. fxe5 {[%emt 0:00:03] The position is equal.} Qb6 {[%emt 0:00:02] And now ...cxd4 would win.} 12. b4 (12. Qd2 $11) 12... cxb4 {[%emt 0:00:10][%cal Oc6e5] White must now prevent ...Ncxe5!} 13. Qd3 {[%emt 0:01:40] [#]} ({But not} 13. cxb4 Ndxe5 14. Nxe5 Nxe5 $19) 13... bxa3 (13... Qa5 $1 $17 {Hoping for ...bxc3.} 14. h4 (14. Nf4 bxc3 15. Qc2 Rf5 $17) 14... bxc3 (14... bxa3 15. Ng5 $11)) 14. Nf4 Na5 (14... Qa5 $15 15. Be2 Nxd4 16. Qxd4 Nc5) 15. Qc2 $2 (15. h4 $11) 15... Qb3 $2 (15... Qb2 $19 16. Qd1 Nb3 (16... Qxc3+ $2 17. Bd2 $19)) 16. Bd3 $17 Qxc2 17. Bxc2 Nb6 {[%emt 0:00:07] aiming for ...Bd7.} 18. Nd3 $2 {[%emt 0:00:36] This move loses the game for White.} (18. h4 $17) 18... Bd7 $19 19. O-O (19. Bc1 $142) 19... Rac8 20. Bd2 (20. Nc5 $142) 20... Nac4 21. Be1 Ne3 22. Rf2 Nxc2 23. Rxc2 Nc4 24. Bh4 $2 {[%emt 0:00:27] [#]} (24. Nc5 Bxc5 25. dxc5) 24... Rxf3 $1 {[%emt 0:00:09] Black is clearly winning.} 25. gxf3 Bxh4 26. Nc5 Rc7 27. Rb1 b6 28. Na6 Rc8 29. Nb4 Be7 {[%emt 0:00:00] Weighted Error Value: White=0.93/Black=0.34.  Loses game:     	White=2     	---        Missed win:     	---       	Black=1      Mistake:       	White=4     	Black=2      OK:         	White=3     	Black=5      Best:        	---       	Black=1      Brilliant:      	---       	Black=1} 0-1

[Event "3rd Rio Open-Rapid 2024"]
[Site "Rio de Janeiro"]
[Date "2024.04.24"]
[Round "2.3"]
[White "Heubeck, Flavio"]
[Black "Librelato, Kathie Goulart"]
[Result "1-0"]
[ECO "D45"]
[WhiteElo "1809"]
[BlackElo "2165"]
[Annotator "TA"]
[PlyCount "80"]
[EventDate "2024.04.12"]
[EventType "swiss"]
[EventCountry "BRA"]
[SourceTitle "playchess.com"]
[Source "ChessBase"]
[SourceQuality "1"]
[TimeControl "600+5"]

1. c4 e6 2. Nc3 d5 3. d4 c6 4. e3 Nf6 5. Nf3 Nbd7 6. a3 Bd6 7. Qc2 O-O 8. Be2 Qe7 9. O-O b6 10. Bd2 Bb7 11. cxd5 exd5 {[%emt 0:00:03] Black is slightly better.} 12. Rac1 Ne4 13. Be1 Rae8 14. Nxe4 dxe4 15. Nd2 f5 ({Black should play} 15... c5 $11) 16. Nc4 $14 Bb8 {[%emt 0:00:08] [#]} ({Better is} 16... Rf6 $14) 17. Bh5 $2 {[%emt 0:00:21] [#] This move loses the game for White.} (17. Na5 $1 $16 bxa5 (17... Qd6 $2 18. g3 $18) 18. Qb3+ Kh8 19. Qxb7) 17... Qh4 $1 $19 18. Ne5 (18. f4 Qxh5) 18... Nxe5 19. dxe5 Qxh5 20. g3 Bxe5 21. Bc3 Bxc3 22. Qxc3 Rd8 23. Rfe1 Rd3 24. Qc4+ Qf7 25. Qa4 a5 26. Rc3 Rxc3 27. bxc3 Rd8 {[%emt 0:00:00] ...Qa2 is the strong threat.} 28. Rd1 Rxd1+ 29. Qxd1 Qd5 30. Qd4 Qxd4 31. exd4 {[%emt 0:00:08][%mdl 4096] Endgame. KB-KP} Kf7 {[%emt 0:00:00] White must now prevent ...Ke6.} 32. h4 Ke6 33. Kf1 Kd5 {[%emt 0:00:00] ( -> ...Kc4)} 34. Ke2 Kc4 35. Ke3 Kxc3 {[%emt 0:00:00] Black mates.} 36. h5 b5 37. f3 exf3 38. Kxf3 c5+ 39. Kf4 cxd4 40. Kxf5 d3 {[%emt 0:00:00][%mdl 32768] Weighted Error Value: White=0.71/Black=0.29 (precise) .  Loses game:     	White=1     	---        Mistake:       	---       	Black=2      Inaccurate:     	White=2     	Black=1      OK:         	White=4     	Black=3      Best:        	---       	Black=1      Strong:       	---       	Black=1     . Loss on time!?} 1-0

[Event "3rd Rio Open-Rapid 2024"]
[Site "Rio de Janeiro"]
[Date "2024.04.24"]
[Round "2.4"]
[White "Machado, Wallace Fernandes"]
[Black "Becker, Rogerio Sperb"]
[Result "0-1"]
[ECO "B05"]
[WhiteElo "1767"]
[BlackElo "2054"]
[Annotator "TA"]
[PlyCount "54"]
[EventDate "2024.04.12"]
[EventType "swiss"]
[EventCountry "BRA"]
[SourceTitle "playchess.com"]
[Source "ChessBase"]
[SourceQuality "1"]
[TimeControl "600+5"]

1. e4 Nf6 2. e5 Nd5 3. d4 d6 4. exd6 exd6 5. Nf3 Be7 6. Be2 O-O 7. O-O Bg4 8. c4 Nb6 9. Qc2 Nc6 10. Be3 Bf6 11. Rd1 {[%emt 0:00:19] White is slightly better.} Re8 12. a3 d5 {[%emt 0:00:20] ...Bxf3 is the strong threat.} 13. c5 (13. Nbd2 $11 {remains equal.}) 13... Nc8 ({Black should play} 13... Bxf3 $17 14. gxf3 (14. Bxf3 Nc4 $17) 14... Nc4 15. Bxc4 dxc4 16. Qxc4 Qd7) 14. b4 {[%emt 0:00:01] [#]} (14. h3 $11 Be6 15. Nc3) 14... N8e7 (14... Bxf3 $1 $17 15. Bxf3 Nxd4 16. Bxd4 Bxd4) 15. Nc3 (15. h3 $11 Bf5 16. Qb2) 15... Nf5 $1 $15 16. Qc1 Bxf3 17. Bxf3 Ncxd4 18. Bxd5 c6 19. Ba2 Qe7 20. Re1 Nxe3 ({Better is} 20... Nf3+ $17 21. gxf3 Nh4) 21. Rxe3 $11 Qc7 {[%emt 0:00:00] [#] White must now prevent ...Rxe3.} 22. Rd3 (22. Ne4 $11) 22... Ne2+ $19 23. Nxe2 Bxa1 24. Qxa1 $2 (24. Qc2 {keeps fighting.}) 24... Rxe2 25. Rg3 Qe5 26. Qxe5 Rxe5 27. Kf1 {[%emt 0:00:10] Prevents Re1+.} (27. h4) 27... Rae8 {[%emt 0:00:00] Weighted Error Value: White=0.82/Black=0.36.  Loses game:     	White=1     	---        Mistake:       	White=5     	Black=3      Inaccurate:     	White=5     	Black=2      OK:         	White=4     	Black=5      Best:        	White=1     	Black=2      Strong:       	---       	Black=1} 0-1

[Event "3rd Rio Open-Rapid 2024"]
[Site "Rio de Janeiro"]
[Date "2024.04.24"]
[Round "3.2"]
[White "Librelato, Kathie Goulart"]
[Black "Lage, Pedro Ferreira"]
[Result "0-1"]
[ECO "B45"]
[WhiteElo "2165"]
[BlackElo "2061"]
[Annotator "TA"]
[PlyCount "96"]
[EventDate "2024.04.12"]
[EventType "swiss"]
[EventCountry "BRA"]
[SourceTitle "playchess.com"]
[Source "ChessBase"]
[SourceQuality "1"]
[TimeControl "600+5"]

1. e4 c5 2. Nf3 e6 3. d4 cxd4 4. Nxd4 Nf6 5. Nc3 Nc6 6. Ndb5 Bb4 7. a3 Bxc3+ 8. Nxc3 d5 9. Bd3 dxe4 10. Nxe4 Nxe4 11. Bxe4 Qxd1+ 12. Kxd1 e5 13. Re1 Be6 (13... f6 $11) 14. Bd2 (14. Bxc6+ $16 bxc6 15. Rxe5) 14... O-O-O {[%emt 0:00:18] White is slightly better.} 15. Kc1 (15. Bxc6 $16 bxc6 16. Rxe5) 15... Bd5 $11 16. a4 Bxe4 17. Rxe4 Rd4 18. Rxd4 Nxd4 {[%emt 0:00:04][%mdl 4096] Endgame. KRB-KRN} 19. b4 Rd8 20. Ra3 Ne2+ 21. Kd1 Nf4 22. Rg3 Ne6 23. Kc1 f6 24. Bc3 Kc7 25. Rh3 h6 26. Rg3 Rd7 27. h4 (27. Bd2 $11 {keeps the balance.}) 27... Nf4 $17 {[%emt 0:00:14] ...Ne2+ is the strong threat.} 28. Kb2 Kc6 {[%emt 0:00:46] Black is more active.} 29. b5+ Kc5 30. Kb3 Kb6 31. Bb4 Ne6 32. c4 (32. Rd3 $11 Rxd3+ 33. cxd3) 32... Nc5+ ({Better is} 32... a5 $17 {aiming for ...Nd4+.} 33. Ba3 Rd2) 33. Ka3 {[%emt 0:00:26] Black must now prevent a5+.} a5 34. bxa6 bxa6 35. a5+ $1 Kc6 36. h5 Ne6 37. Rb3 Nf4 (37... Rd1 $11 {remains equal.}) 38. g4 ({White must play} 38. Bf8 $16 {And now Rb6+ would win.} Rb7 39. Rxb7 Kxb7 40. Bxg7 Nxh5 41. Bxh6) 38... Rd3 39. Rxd3 Nxd3 $11 {[%emt 0:00:02] KB-KN} 40. Bf8 (40. f3 $11 f5 41. gxf5) 40... Nxf2 $17 41. Bxg7 $2 {[%emt 0:00:01][%mdl 8192] [#] Now White is beyond hope.} (41. g5 $17 fxg5 (41... hxg5 42. Bxg7 Ng4 43. Kb4 $18) 42. Bxg7) 41... Nxg4 {[%emt 0:00:02] Black mates.} 42. Kb4 f5 43. Bf8 f4 44. Kc3 f3 45. Kd3 {[%emt 0:00:02] [#]} e4+ $1 46. Kd2 e3+ 47. Ke1 f2+ 48. Ke2 Nh2 {[%emt 0:00:00] Weighted Error Value: White=0.37/Black=0.18 (very precise) .  Loses game:     	White=1     	---        Mistake:       	White=6     	Black=3      Inaccurate:     	---       	Black=4      OK:         	White=6     	Black=9      Best:        	White=3     	Black=4      Strong:       	White=1     	---} 0-1

[Event "3rd Rio Open-Rapid 2024"]
[Site "Rio de Janeiro"]
[Date "2024.04.24"]
[Round "3.3"]
[White "Azevedo, Edmundo Roberto Ramo"]
[Black "Becker, Rogerio Sperb"]
[Result "1/2-1/2"]
[ECO "A48"]
[WhiteElo "1917"]
[BlackElo "2054"]
[Annotator "NA RC"]
[PlyCount "73"]
[EventDate "2024.04.12"]
[EventType "swiss"]
[EventCountry "BRA"]
[SourceTitle "playchess.com"]
[Source "ChessBase"]
[SourceQuality "1"]
[TimeControl "600+5"]

1. d4 Nf6 2. Nf3 g6 3. Bf4 Bg7 4. e3 O-O 5. Be2 d6 6. O-O Nbd7 7. Bg5 c5 8. c3 Qb6 9. Qb3 Qxb3 10. axb3 a6 11. Nbd2 h6 12. Bh4 g5 13. Bg3 Nh5 14. Ne4 Nxg3 15. hxg3 Nf6 16. Nxf6+ Bxf6 17. dxc5 dxc5 18. Bc4 Bf5 19. Bd5 Rab8 20. Rfd1 e6 21. Bc4 Rfd8 22. Be2 Kf8 23. Rxd8+ Rxd8 24. Rd1 Bc2 25. Rxd8+ Bxd8 26. Nd2 Ke7 27. Kf1 b6 28. Bxa6 f5 29. Ke1 Bc7 30. Be2 e5 31. Bd1 Bd3 32. Be2 Bc2 33. Bc4 Kf6 34. Nf3 Be4 35. Kd2 Bc6 36. Ne1 e4 37. Be2 1/2-1/2

[Event "3rd Rio Open-Rapid 2024"]
[Site "Rio de Janeiro"]
[Date "2024.04.24"]
[Round "3.4"]
[White "Reichert, Thiago Da Cruz"]
[Black "De Siqueira, Luigy Lira"]
[Result "0-1"]
[ECO "D48"]
[WhiteElo "1972"]
[BlackElo "2274"]
[Annotator "TA"]
[PlyCount "66"]
[EventDate "2024.04.12"]
[EventType "swiss"]
[EventCountry "BRA"]
[SourceTitle "playchess.com"]
[Source "ChessBase"]
[SourceQuality "1"]
[TimeControl "600+5"]

1. d4 d5 2. c4 e6 3. Nc3 Nf6 4. e3 c6 5. Nf3 Nbd7 6. Bd3 dxc4 7. Bxc4 b5 8. Bd3 a6 9. O-O Bb7 10. Qe2 c5 11. Rd1 cxd4 12. exd4 Be7 13. Bf4 O-O 14. Rac1 {[%emt 0:00:04] The position is equal.} Rc8 15. Ne5 Nd5 16. Bg3 N7f6 17. Bb1 Nxc3 18. bxc3 (18. Rxc3 $15 Rxc3 19. bxc3) 18... Qd5 (18... Ba3 $17 19. Rc2 Be4) 19. f3 $11 Ba3 20. Rc2 Nd7 21. Nxd7 Qxd7 22. c4 bxc4 23. Rxc4 {[%emt 0:00:03] [#] aiming for Qd3.} Bd6 24. Bh4 (24. Bxd6 $11 {remains equal.} Qxd6 25. Ra4) 24... Be7 ({Better is} 24... a5 $17 25. Rc2 Rxc2 26. Qxc2 g6) 25. Bxe7 Qxe7 26. Rdc1 Rxc4 27. Rxc4 Qd6 28. Be4 Bd5 29. Ra4 Bxe4 30. fxe4 Rc8 {[%emt 0:00:02] [#] Threatens to win with ...Rc1+.} 31. Qxa6 $2 (31. Rc4 $11 Rd8 32. h3) 31... Rc1+ $19 32. Kf2 Qf4+ 33. Ke2 Rc2+ {[%emt 0:00:02] Weighted Error Value: White=0.64/Black=0.19 (very precise) .  Loses game:     	White=1     	---        Mistake:       	White=2     	Black=2      Inaccurate:     	White=4     	Black=3      OK:         	White=3     	Black=6      Best:        	White=1     	Black=1} 0-1

[Event "3rd Rio Open-Rapid 2024"]
[Site "Rio de Janeiro"]
[Date "2024.04.24"]
[Round "4.1"]
[White "Fier, Alexandr"]
[Black "De Siqueira, Luigy Lira"]
[Result "1-0"]
[ECO "A13"]
[WhiteElo "2566"]
[BlackElo "2274"]
[Annotator "TA"]
[PlyCount "57"]
[EventDate "2024.04.12"]
[EventType "swiss"]
[EventCountry "BRA"]
[SourceTitle "playchess.com"]
[Source "ChessBase"]
[SourceQuality "1"]
[TimeControl "600+5"]

1. c4 e6 2. Nf3 d5 3. g3 Nf6 4. Bg2 dxc4 5. Qa4+ Nbd7 6. Qxc4 a6 7. Qc2 c5 8. a4 Bd6 9. d3 O-O 10. a5 {[%emt 0:00:01] White is slightly better.} Rb8 11. O-O b5 12. axb6 Nxb6 13. Na3 Bb7 (13... Nfd5 $11) 14. Bg5 (14. e4 $14) 14... h6 $11 15. Bxf6 Qxf6 16. Nd2 Bxg2 17. Kxg2 Be5 18. Rfb1 (18. Ndc4 {simplifies} Nxc4 19. Nxc4 Bxb2 20. Rxa6 Bd4 21. Rd6) 18... Nd5 19. Nac4 Bd4 {[%emt 0:00:12] [#]} (19... Nb4 $11 {remains equal.} 20. Qd1 Bc7) 20. Ne4 {[%emt 0:00:16] Excellent horsemanship.} (20. Rxa6 $2 {loses.} Qxf2+ (20... Bxf2 $2 21. Rf1 $18) 21. Kh1 Nb4 $19 (21... Qxe2 $2 22. Qd1 $19)) (20. e3 $1 $16) 20... Qf5 21. e3 ({Not} 21. Rxa6 Nb4 22. Qa4 Nxa6 23. Qxa6 Qd5 $17) 21... Nb4 22. Qe2 Bf6 23. Ra5 Qd5 24. Rxc5 Qxd3 25. Nxf6+ gxf6 26. Qg4+ Kh7 27. Rd1 Qc2 {[%emt 0:00:38] [#]} (27... Qg6 $11 {and Black stays safe.} 28. h3 Qxg4 29. hxg4 Nd5) 28. Rd7 $18 Nd5 {[%emt 0:00:57] Prevents Rcc7.} (28... Rbd8 29. Rxd8 (29. Qxe6 Rxd7 30. Qxd7 Nd3 $16) 29... Rxd8) 29. Qxe6 {[%emt 0:00:29] Weighted Error Value: White=0.13 (very precise) /Black=0.35.  Loses game:     	---       	Black=1      Mistake:       	White=2     	Black=3      Inaccurate:     	White=2     	Black=2      OK:         	White=8     	Black=7      Best:        	White=3     	---} 1-0

[Event "3rd Rio Open-Rapid 2024"]
[Site "Rio de Janeiro"]
[Date "2024.04.24"]
[Round "4.3"]
[White "Urquiza, Marcello de Albuquer"]
[Black "De Souza, Felipe Guimaraes"]
[Result "1/2-1/2"]
[ECO "B06"]
[WhiteElo "2005"]
[BlackElo "2022"]
[Annotator "NA RC"]
[PlyCount "92"]
[EventDate "2024.04.12"]
[EventType "swiss"]
[EventCountry "BRA"]
[SourceTitle "playchess.com"]
[Source "ChessBase"]
[SourceQuality "1"]
[TimeControl "600+5"]

1. e4 c6 2. d4 g6 3. Nf3 d5 4. e5 Bg4 5. Be2 Bg7 6. O-O Nh6 7. Nbd2 O-O 8. h3 Bxf3 9. Nxf3 f6 10. Bf4 Nf7 11. Qd2 Qc8 12. Rfe1 f5 13. c4 e6 14. Rac1 h6 15. h4 Qd7 16. b4 a5 17. b5 dxc4 18. bxc6 Nxc6 19. Bxc4 Nb4 20. d5 Nxd5 21. Bxd5 Qxd5 22. Qxd5 exd5 23. e6 Nh8 24. Rc7 Rfe8 25. Rxb7 Ra6 26. e7 Kf7 27. Ne5+ Bxe5 28. Bxe5 Re6 29. f4 g5 30. Rd1 Ng6 31. Rxd5 gxf4 32. Bd4 Nxh4 33. Bf2 Ng6 34. Rxf5+ Kg7 35. Bd4+ Kg8 36. Rxa5 R8xe7 37. Rxe7 Nxe7 38. Re5 Rxe5 39. Bxe5 Ng6 40. Bc7 Kf7 41. Kf2 Ke6 42. Kf3 Kf5 43. a4 Nh4+ 44. Kf2 Ke4 45. a5 Kd5 46. Bxf4 Nxg2 1/2-1/2